 Dungeon Crawl Stone Soup version 0.31.0 (webtiles) character file.

Game seed: 3696713929352610647

53 apoch the Shooter (level 3, -6/31 HPs)
             Began as a Minotaur Hunter on Jan 19, 2024.
             Mangled by an orc
             ... wielding a +0 mace
              (7 damage)
             ... on level 2 of the Dungeon.
             The game lasted 00:05:17 (1590 turns).

apoch the Shooter (Minotaur Hunter)                 Turns: 1590, Time: 00:05:17

Health: -6/31      AC:  8    Str: 17    XL:     3   Next: 64%
Magic:  2/2        EV:  8    Int:  6    God:
Gold:   94         SH:  0    Dex: 13    Spells: 2/2 levels left

rFire   . . .        b - +0 club
rCold   . . .        (no shield)
rNeg    . . .        k - +0 chain mail
rPois   .            (helmet restricted)
rElec   .            (no cloak)
rCorr   .            (no gloves)
SInv    .            (no boots)
Will    .....        (no amulet) Stlth
                     (no ring)
HPRegen 0.25/turn    (no ring)
MPRegen 0.08/turn

%: no passive effects
@: no status effects
A: horns 2, retaliatory headbutt
a: no special abilities


You were on level 2 of the Dungeon.
You visited 1 branch of the dungeon, and saw 3 of its levels.

You collected 94 gold pieces.

Inventory:

Hand Weapons
 a - a +0 shortbow
 b - a +0 club (weapon)
Missiles
 o - 7 stones
Armour
 c - a +0 leather armour
 k - a +0 chain mail (worn)
Scrolls
 d - a scroll of butterflies
 e - a scroll of enchant weapon {unknown}
 f - 2 scrolls of immolation {unknown}
 i - 3 scrolls of identify {unknown}
 j - a scroll of enchant armour {unknown}
 m - a scroll of fog {unknown}
 n - a scroll of teleportation {unknown}
Potions
 g - a potion of haste {unknown}
 h - a potion of enlightenment {unknown}
 l - a potion of attraction {unknown}
 p - a potion of mutation {unknown}
 q - a potion of degeneration {unknown}


   Skills:
 - Level 3.2 Fighting
 + Level 4.8 Ranged Weapons
 - Level 2.9 Dodging
 - Level 1.6 Stealth


You had 2 spell levels left.
You didn't know any spells.
Your spell library was empty.

Dungeon Overview and Level Annotations

Branches:
Dungeon (3/15)

Altars:

Annotations:
D:1 2 transporters


Innate Abilities, Weirdness & Mutations

You have a pair of horns on your head.
You reflexively headbutt those who attack you in melee.


Message History

The orc barely misses you.
You climb upwards.
There is a stone staircase leading down here.
b - a +0 club (weapon)
The orc hits you but does no damage. The orc hits you with a +0 mace.
The orc barely misses you.
You hit the orc but do no damage.
The orc is moderately wounded.
The orc hits you with a +0 club. The orc closely misses you.
You furiously retaliate!
You headbutt the orc. The orc closely misses you.
You closely miss the orc. Your headbutt misses the orc.
The orc is moderately wounded.
The orc hits you but does no damage. x2; The orc hits you with a +0 mace.
You hit the orc.
The orc is heavily wounded.
The orc hits you but does no damage. The orc hits you with a +0 mace. x2
You hit the orc. You headbutt the orc, but do no damage.
The orc is almost dead.
The orc hits you but does no damage. The orc hits you with a +0 mace.
* * * LOW HITPOINT WARNING * * *
The orc closely misses you. The orc hits you but does no damage.
The orc hits you with a +0 mace.
* * * LOW HITPOINT WARNING * * *
The orc hits you but does no damage.
You barely miss the orc.
The orc is almost dead.
The orc hits you with a +0 club.
* * * LOW HITPOINT WARNING * * *
The orc hits you but does no damage. x2
You closely miss the orc.
The orc is almost dead.
The orc hits you but does no damage. The orc barely misses you.
The orc hits you with a +0 mace.
* * * LOW HITPOINT WARNING * * *
You hit the orc.
You kill the orc!
The orc hits you with a +0 mace.
* * * LOW HITPOINT WARNING * * *
The orc hits you but does no damage. x2; The orc hits you with a +0 mace!
You die...

#.#......#.#
#.######...# #.#.#
##### #...## ##...##
#.....#########
..............#
###.#########.#######
#.# #......o@)..# #.#
#.##..#o###.#
##'#####.##..#.###.#
##...#....##....<##.#
#....#.##.##.##..##.#
.....#.##.##..#..##.#
.....#.##.##........#
.....#.#+........####
.#####.####....#.#


You could see 2 orcs.

Vanquished Creatures
  An adder (D:2)
  A dart slug (D:1)
  A ribbon worm (D:2)
  An orc (D:2)
  4 ball pythons
  3 endoplasms
  3 giant cockroaches (D:1)
  4 hobgoblins
  8 bats
  2 frilled lizards (D:1)
  4 goblins (D:1)
  3 kobolds
  3 rats
38 creatures vanquished.

Vanquished Creatures (others)
  A frilled lizard (D:1)
1 creature vanquished.

Grand Total: 39 creatures vanquished

Notes
Turn   | Place    | Note
-------+----------+-------------------------------------------
     0 | D:1      | apoch the Minotaur Hunter began the quest for the Orb.
     0 | D:1      | Reached XP level 1. HP: 18/18 MP: 0/0
    13 | D:1      | Reached skill level 1 in Stealth
    42 | D:1      | Reached XP level 2. HP: 21/25 MP: 1/1
   202 | D:1      | Reached XP level 3. HP: 10/31 MP: 2/2
  1590 | D:2      | HP: 1/31 [orc/+0 mace (1)]
  1590 | D:2      | Mangled by an orc

Illustrated notes

Levels and vault maps discovered:
D:1:      spicycebolla_arrival_transporter_tutorial, layout_basic,
          amcnicky_mini_corridor_feature
D:2:      layout_loops_corners, serial_co_window_serial, co_window_paths_b,
          co_window_paths_a, co_window_of_opportunity_a, co_window_paths_a,
          co_window_corner_a, co_window_of_opportunity_a, co_window_paths_b,
          co_window_2corner, co_window_broadway_c, co_window_unsneaky_path_e,
          co_window_corner_b, co_window_of_opportunity_c, co_window_sun,
          glass_columns_a, glass_columns_b, glass_columns_a, glass_columns_b,
          glass_columns_b, minmay_tetromino_l2
D:3:      layout_rooms, nicolae_overflow_crystal_walls,
          chequers_ecumenical_altar_grove, grunt_ministairs_4,
          chequers_serial_rivers_micro_a

Skill      XL: |  1  2 |
---------------+-------+-----
Stealth        | 1 |  1.6
Fighting       | 3 |  3.2
Ranged Weapons | |  4.8
Dodging        | |  2.9

Action                     || total
---------------------------++-------
  Melee: Club              ||    57
         Headbutt          ||    10
   Fire: Shortbow          ||    22
 Armour: Leather armour    ||    48
         Chain mail        ||    37
  Dodge: Dodged            ||    89
